Selects Heavy Armor Battlegroup
Construct Section Command Post
Construct Platoon Command Post
Selects Light Vehicle Withdraw and Refit
Construct Field Infirmary
Construct Company Command Post
Selects Rigorous Vehicle Training
Selects Forward Repair Assembly
Selects UNKNOWN (2162094)
Unlock M3 Grant Medium Tanks
Light Vehicle Withdraw and Refit
Unlock Bishop Self-propelled Artillery
Bishop Self-propelled Artillery